Cogmind - Beta 9.1 --- EXPLORER MODE // 2019.11.01 @ 13:52:14 Player: Amlor Result: Destroyed by G-47 Trooper with Particle Gun Performance ------------- Evolutions (2) 1000 Regions Visited (3) 600 Robots Destroyed (25) 125 Value Destroyed (702) 702 Prototype IDs (0) 0 Alien Tech Used (0) 0 Bonus (0) 0 TOTAL SCORE: 2427 Bonus ------- None Cogmind --------- Core Integrity 0/550 Matter 300/300 Energy 100/100 System Corruption 0% Temperature Cool (9) Location -8/Materials Parts ------- Power (2) Propulsion (3) Utility (5) Medium Storage Unit Medium Storage Unit Improved Targeting Computer Weapon Shielding Weapon (2) Inventory (12) Core Shielding Light Armor Plating Light Armor Plating Datajack Peak State ------------ Power Light Ion Engine Light Ion Engine Propulsion Aluminum Leg Aluminum Leg Aluminum Leg Utility Medium Storage Unit Medium Storage Unit Structural Scanner Improved Targeting Computer Weapon Shielding Weapon Beam Cannon Assault Rifle Inventory Light Ion Engine Aluminum Leg Aluminum Leg Aluminum Leg Aluminum Leg Medium Matter Pod Core Shielding Light Armor Plating Light Armor Plating Datajack [Rating: 14] Favorites ----------- Power Light Ion Engine Engine Light Ion Engine Propulsion Aluminum Leg Leg Aluminum Leg Utility Medium Storage Unit Device Structural Scanner Storage Medium Storage Unit Processor Improved Targeting Computer Protection Weapon Shielding Weapon Assault Rifle Energy Gun Medium Laser Energy Cannon Beam Cannon Ballistic Gun Assault Rifle Build | -11 -10 -9 -8 ------- Run | Scr Mat Mat Mat Slots Evolved 5 | . 1 2 2 Power 1 | . . . 1 Propulsion 1 | . . 1 . Utility 3 | . 1 1 1 Weapon . | . . . . Parts Attached 22 | 7 4 2 9 Power 4 | 1 . . 3 Engine 4 | 1 . . 3 Core . | . . . . Reactor . | . . . . Propulsion 9 | 2 2 1 4 Treads . | . . . . Leg 9 | 2 2 1 4 Wheel . | . . . . Hover . | . . . . Flight . | . . . . Utility 6 | 2 1 1 2 Device 1 | 1 . . . Storage 3 | 1 1 . 1 Processor 1 | . . . 1 Hackware . | . . . . Protection 1 | . . 1 . Artifact . | . . . . Weapon 3 | 2 1 . . Energy Gun 1 | 1 . . . Energy Cannon 1 | . 1 . . Ballistic Gun 1 | 1 . . . Ballistic Cannon . | . . . . Launcher . | . . . . Special Weapon . | . . . . Impact Weapon . | . . . . Slashing Weapon . | . . . . Piercing Weapon . | . . . . Special Melee Weapon . | . . . . Unidentified Prototypes . | . . . . Parts Lost 14 | . . . 14 Power 3 | . . . 3 Propulsion 7 | . . . 7 Utility 2 | . . . 2 Weapon 2 | . . . 2 Highest Loss Streak 9 | . . . 9 Average Slot Usage (%) 87 | . 90 100 72 Engine 10 | . 12 10 9 Leg 23 | . 25 30 16 Device 8 | . 12 10 2 Storage 19 | . 15 20 21 Processor 2 | . . . 8 Protection 6 | . . 10 8 Energy Gun 1 | . 5 . . Energy Cannon 6 | . 6 10 2 Ballistic Gun 8 | . 12 10 3 Naked Turns . | . . . . Heaviest Build 29 | 16 25 26 29 Greatest Support 30 | 20 20 30 30 Greatest Overweight (x) 6 | 2 1 . 6 Average Overweight (x) . | . . . . Largest Inventory Capacity 12 | 8 12 12 12 Average Capacity 10 | 7 9 12 12 Most Carried 12 | 7 9 12 11 Average Carried 7 | 3 7 9 6 Final Capacity 12 | 8 12 12 12 Final Carried 12 | 7 9 12 4 Class Distribution -------------------- 89% | Mutant 10% | Scavenger-Mutant Dominant Class ---------------- Mutant | -10/Materials Mutant | -9/Materials Mutant | -8/Materials Resources | -11 -10 -9 -8 ----------- Run | Scr Mat Mat Mat Matter Collected 673 | 264 206 104 99 Remotely . | . . . . Salvage Created 946 | 43 244 437 222 Parts 65 | 7 17 30 11 Haulers Intercepted . | . . . . Recyclers Shooed 2 | . . . 2 Parts Field Recycled . | . . . . Retrieved Matter . | . . . . Parts Self-Destructed . | . . . . Prevented . | . . . . Kills | -11 -10 -9 -8 ------- Run | Scr Mat Mat Mat Combat Hostiles Destroyed 18 | . 4 10 4 Guns 8 | . 3 2 3 Cannons 10 | . 1 8 1 Classes Destroyed 7 | 1 2 3 1 Worker 3 | 2 1 . . Operator 1 | . . 1 . Watcher 3 | . 2 1 . Swarmer 3 | . . 3 . Grunt 10 | . 4 5 1 Brawler 1 | . . . 1 Sentry 4 | . . 2 2 Best Kill Streak 5 | 2 2 5 4 Combat Bots Only 5 | . 2 5 4 Max Kills in Single Turn 1 | 1 1 1 1 Gunslinging . | . . . . Exploded . | . . . . Melee . | . . . . Uniques/NPCs Destroyed . | . . . . Combat | -11 -10 -9 -8 -------- Run | Scr Mat Mat Mat Damage Taken 1803 | . 121 227 1455 Core 636 | . 43 35 558 Absorbed by Shields . | . . . . Core Remaining (%) 91 | 100 82 91 . Volleys Fired 72 | 2 21 25 24 Largest 2 | 2 2 2 2 Hottest 80 | 70 80 80 80 Shots Fired 133 | 4 42 50 37 Gun 85 | 4 32 25 24 Cannon 48 | . 10 25 13 Launcher . | . . . . Special . | . . . . Kinetic 72 | 2 21 25 24 Thermal 61 | 2 21 25 13 Explosive . | . . . . Electromagnetic . | . . . . Robot Hit Streak 67 | 2 17 57 67 Robot Miss Streak 1 | . 1 . 1 Penetration Max . | . . . . Secondary Targets 1 | . 1 . . Max Gunslinging Chain 1 | . 1 . . Shots Hit Robots 110 | 2 35 40 33 Core Hits 41 | 2 11 16 12 Critical Hits . | . . . . Critical Kills . | . . . . Critical Parts Destroyed . | . . . . Melee Attacks . | . . . . Impact . | . . . . Slashing . | . . . . Piercing . | . . . . Sneak Attacks . | . . . . Combat Hostiles . | . . . . Follow-up Attacks . | . . . . Damage Inflicted 1478 | 26 399 520 533 Guns 716 | 26 260 151 279 Cannons 737 | . 139 369 229 Explosions . | . . . . Melee . | . . . . Ramming 25 | . . . 25 Kinetic 578 | . 148 151 279 Thermal 875 | 26 251 369 229 Explosive . | . . . . Electromagnetic . | . . . . Impact . | . . . . Slashing . | . . . . Piercing . | . . . . Highest Corruption . | . . . . Average Corruption . | . . . . Corruption Purged . | . . . . Overload Shots . | . . . . Overflow Damage . | . . . . Projectiles . | . . . . Explosions . | . . . . Melee . | . . . . Knockbacks . | . . . . Impact . | . . . . Kinetic . | . . . . Secondary . | . . . . Self-Inflicted Damage 2 | . . . 2 Shots . | . . . . Rammed 3 | . . . 3 Targets Rammed 7 | . . . 7 Kicked 4 | . . . 4 Crushed . | . . . . Highest Temperature 186 | 18 153 99 186 Average Temperature 44 | 10 52 33 53 Received Heat Transfer 1524 | . 114 105 1305 Siege Activations . | . . . . Robots Corrupted . | . . . . Combat Hostiles . | . . . . Parts Fried . | . . . . Impact Corruptions . | . . . . Robots Melted . | . . . . Combat Hostiles . | . . . . Parts Melted 3 | 1 2 . . Heat Transferred 1961 | 74 629 777 481 Parts Sabotaged . | . . . . Parts Stolen . | . . . . Parts Stripped . | . . . . Power Chain Reactions . | . . . . Missiles Intercepted . | . . . . Alert | -11 -10 -9 -8 ------- Run | Scr Mat Mat Mat Peak Influence 362 | 10 138 362 214 Average Influence 126 | 1 83 201 140 Maximum Alert Level 1 | . . 1 1 Low Security (%) 84 | . . . . Level 1 15 | . . . . Level 2 . | . . . . Level 3 . | . . . . Level 4 . | . . . . Level 5 . | . . . . High Security . | . . . . Max Security . | . . . . Squads Dispatched 5 | . . 3 2 Investigation 1 | . . 1 . Extermination . | . . . . Reinforcement 4 | . . 2 2 Assault . | . . . . Garrison . | . . . . Intercept . | . . . . Construction Impeded . | . . . . Haulers Reinforced . | . . . . Stealth | -11 -10 -9 -8 --------- Run | Scr Mat Mat Mat Distress Signals 1 | . . . 1 Communications Jammed . | . . . . Distress Signals . | . . . . Times Spotted 35 | . 6 15 14 Peak Tracking Total 7 | . 2 6 7 Tactical Retreats 4 | . . 2 2 Traps | -11 -10 -9 -8 ------- Run | Scr Mat Mat Mat Traps Triggered 1 | . 1 . . Indirectly . | . . . . Trap Hack Attempts . | . . . . Triggered . | . . . . Disarmed 4 | . . 4 . Reprogrammed . | . . . . Reused . | . . . . Traps Extracted . | . . . . Installed . | . . . . Triggered . | . . . . Machines | -11 -10 -9 -8 ---------- Run | Scr Mat Mat Mat Machines Disabled 1 | . . 1 . Max in Single Turn 1 | . . 1 . Machines Sabotaged . | . . . . Garrisons Compromised . | . . . . Overloaded Fab Kills . | . . . . Fab Network Shutdowns . | . . . . Hacking | -11 -10 -9 -8 --------- Run | Scr Mat Mat Mat Machines Accessed 2 | . 1 1 . Terminals 2 | . 1 1 . Fabricators . | . . . . Repair Stations . | . . . . Recycling Units . | . . . . Scanalyzers . | . . . . Garrison Access . | . . . . Total Hacks 6 | . 2 4 . Successful 4 | . . 4 . Failed 2 | . 2 . . Catastrophic 1 | . 1 . . Database Lockouts . | . . . . Manual 4 | . 3 . 1 Terminals 6 | . 2 4 . Fabricators . | . . . . Repair Stations . | . . . . Recycling Units . | . . . . Scanalyzers . | . . . . Garrison Access . | . . . . Terminal Hacks 4 | . . 4 . Record 3 | . . 3 . Disarm Traps 1 | . . 1 . Fabricator Hacks . | . . . . Repair Station Hacks . | . . . . Recycling Unit Hacks . | . . . . Scanalyzer . | . . . . Garrison Access Hacks . | . . . . Unauthorized Hacks . | . . . . Terminals . | . . . . Fabricators . | . . . . Repair Stations . | . . . . Recycling Units . | . . . . Scanalyzers . | . . . . Garrison Access . | . . . . Data Cores Recovered . | . . . . Used . | . . . . Hacking Detections 3 | . 1 1 1 Full Trace Events 2 | . 1 1 . Feedback Events . | . . . . Feedback Blocked . | . . . . Robot Schematics Acquired . | . . . . Robots Built . | . . . . Matter . | . . . . Time . | . . . . Total Robot Build Rating . | . . . . Part Schematics Acquired . | . . . . Parts Built . | . . . . Matter . | . . . . Time . | . . . . Total Part Build Rating . | . . . . Parts Repaired . | . . . . Time . | . . . . Parts Recycled . | . . . . Recycled Matter . | . . . . Retrieved Matter . | . . . . Retrieved Components . | . . . . Parts Scanalyzed . | . . . . Part Schematics Acquired . | . . . . Parts Damaged . | . . . . Bothacking | -11 -10 -9 -8 ------------ Run | Scr Mat Mat Mat Used RIF Installer . | . . . . Robots Hacked . | . . . . Non-combat . | . . . . Combat . | . . . . Robot Hacks Applied . | . . . . Relay Couplers Released . | . . . . Robots Rewired . | . . . . Allies Hacked . | . . . . Hacks Repelled . | . . . . Allies | -11 -10 -9 -8 -------- Run | Scr Mat Mat Mat Total Allies . | . . . . Largest Group . | . . . . Highest-Rated Group . | . . . . Highest-Rated Ally . | . . . . Total Orders . | . . . . Ally Attacks . | . . . . Total Damage . | . . . . Kills . | . . . . Allies Corrupted . | . . . . Allies Melted . | . . . . Intel | -11 -10 -9 -8 ------- Run | Scr Mat Mat Mat Robot Analysis Total . | . . . . Derelict Logs Recovered . | . . . . Drone Launches . | . . . . Drone Recoveries . | . . . . Exploration | -11 -10 -9 -8 ------------- Run | Scr Mat Mat Mat Turns Passed 1069 | 125 306 320 318 Spaces Moved 619 | 87 181 190 161 Core 15 | 9 . . 6 Treads . | . . . . Legs 604 | 78 181 190 155 Wheels . | . . . . Hover . | . . . . Flight . | . . . . Fastest Speed 50 | 50 120 120 120 Average Speed 128 | 117 128 120 145 Slowest Speed 350 | 150 150 120 350 Overloaded Moves . | . . . . Propulsion Burnouts . | . . . . Robots Hopped . | . . . . Cave-ins Triggered . | . . . . Exploration Rate (%) 18 | 5 35 23 12 Regions Visited 3 Branch Regions . Pre-discovered Areas . | . . . . Known Exits Taken 3 | 1 1 1 . Unknown Exits Taken . | . . . . Scrap Searched . | . . . . Spaces Dug . | . . . . Terrain Destroyed . | . . . . Melee . | . . . . Projectile . | . . . . AOE . | . . . . Actions | -11 -10 -9 -8 --------- Run | Scr Mat Mat Mat Total 751 | 102 211 233 205 Wait 14 | . 2 8 4 Move 616 | 86 180 189 161 Hop . | . . . . Pick Up 16 | 7 2 7 . Fast Attach 8 | 7 1 . . Attach 10 | . . 2 8 Detach . | . . . . Swap 4 | . 3 . 1 Drop 4 | . 2 2 . Fire 72 | 2 21 25 24 Melee . | . . . . Ram . | . . . . Kick 7 | . . . 7 Crush . | . . . . Escape Stasis . | . . . . Rewire . | . . . . Trap . | . . . . Miscellaneous . | . . . . Route ------- -11/Scrapyard -10/Materials -9/Materials -8/Materials History --------- Turn | Location | Event 19 | -11/Scrapyard | Identified exit to Materials 19 | -11/Scrapyard | Discovered exit to Materials (range 14) 126 | -11/Scrapyard | Entered Materials 126 | -10/Materials | Evolved 1 slot: Utility x1 331 | -10/Materials | Build established: Mutant 334 | -10/Materials | Identified exit to Materials 334 | -10/Materials | Discovered exit to Materials (range 8) 432 | -10/Materials | Entered another Materials area 432 | -9/Materials | Evolved 2 slots: Propulsion x1, Utility x1 734 | -9/Materials | Identified exit to Materials 734 | -9/Materials | Discovered exit to Materials (range 15) 752 | -9/Materials | Entered another Materials area 752 | -8/Materials | Evolved 2 slots: Power x1, Utility x1 946 | -8/Materials | Lost 9 parts (2p4n1u2w) 1013 | -8/Materials | Core integrity fell below 50% 1039 | -8/Materials | Lost 3 parts (1p2n) 1063 | -8/Materials | Core integrity fell below 20% 1070 | -8/Materials | Destroyed by G-47 Trooper with Particle Gun Last Messages --------------- 00881_ Kicked R-06 Scavenger out of the way. 00891_ Acquired 3 matter. 00892_ Aluminum Leg destroyed. 00915_ U-05 Engineer lays Concrete. 00915_ Aluminum Leg destroyed. 00920_ U-05 Engineer lays Concrete. 00923_ K-01 Serf collects debris. 00931_ K-01 Serf cleans the Hadron Collector. 00980_ Connecting with Repair Station... 00987_ Aluminum Leg destroyed. 00993_ Slammed into G-47 Trooper. 00994_ Lgt. Ion Engine destroyed. 00995_ Slammed into G-47 Trooper. 01008_ Aluminum Leg destroyed. 01037_ C-30 ARC bursts open, deploying its payload. 01037_ G-50 Soldier unfolds itself. 01037_ G-47 Trooper unfolds itself. 01052_ Slammed into G-50 Soldier. 01054_ Aluminum Leg destroyed. 01059_ Med. Matter Pod destroyed. Map ----- +----------------------------------------------------+ | ???????+ ??????????????????????????? | | ???????# """" #??????????????????????? | | ???????# """" +??????????????????????? | | ???????# """" ###????????????????????? | | ???????# ????????????????????? | | ???????# ??????????????????? | | ???????# """" ???????????????????? | | ???????# """" ??????????????????? | | ???????# """" ?????????????????? | | ???????###### #?#????????????????????? | | ????????????# # ?????????????????????? | | ????????????# """" # ?????????????????????? | | ????????????# """" g+??????????????????????? | | ????????????# """" #??????????????????????? | | ????????????# #??????????????????????? | | ????????????# g ########???????????????? | | ????????????# ####g # """ #???????????????? | | ????????????# #??# % # """ #???????????????? | | ????????????# #??# g # """ #???????????????? | | ????????????# #??# + #???????????????? | | ???########## #??# # #???????????????? | | ???# = # #??#ggg# #???????????????? | | ???# ! # #??# #########??????????????? | | ???# # #??# #? #??????????????? | | ???# """ # #??# # #??????????????? | | ???# """"" # #??# @# """ #??????????????? | | ???# """"" + #??# + """ #??????????????? | | ???# """"" # #??# u # """ #??????????????? | | ???# """ # #??# # """ ???????????????? | | ???# + #??# #? """ ???????????????? | | ???###########+#######%#? ????????????????? | | ??????????# """ #?# #??! ???????????????? | | ??????????# "R" #?# #?? ???????????????? | | ??????????# " " #?#%#??? #??????????????? | | ??????????#! #?# #?????###??????????????? | | ??????????# #?# #??????????????????????? | | ??????????# """ #?# #??????????????????????? | | ??????????# """ #?# #??????????????????????? | | ??????????#%""" #?# #??????????????????????? | | ??????????# % #?# #??????????????????????? | | ??????????##########?# #??????????????????????? | | ????????????????????## ###????????????????????? | | ????????????????????# * #????????????????????? | | ????????????????????# #????????????????????? | | ????????????????????# #????????????????????? | | ????????????????????# #????????????????????? | | ????????????????????##!!##????????????????????? | | ?????????????????????#[%#?????????????????????? | | ?????????????????????#=*+?????????????????????? | | ?????????????????????# #?????????????????????? | +----------------------------------------------------+ Best States ------------- Heat Dissipation 31 Energy Generation 15 Energy Capacity 150 Matter Stores 400 Matter Capacity 400 Sight Range 16 Terrain Scan Density 10 Resistance: KI 35 Resistance: TH 35 Resistance: EX 35 Resistance: EM 35 Resistance: I 35 Resistance: S 35 Resistance: P 35 Weapon Shielding 33 Evasion (%) 40 Targeting Accuracy 6 Item Schematics ----------------- None Robot Schematics ------------------ None Fabricated ------------ Nothing Alien Tech Used ----------------- None Achievements -------------- None Challenges ------------ None Game ------ Seed 19900415 Manual? 1 Play Time 00:23:32 Cumulative 6.6 hours Start 2019.11.01 @ 13:23:44 End 2019.11.01 @ 13:52:14 Sessions 1 Manual Loads 0 Difficulty Explorer Special Mode None Game No. 18 Rogue 14 Adventurer 2 Explorer 2 Win Type - Total 0 Types 0/0/0/0/0/0/0 Lore% 2 Gallery% 10 Achievement% 9 Wizard Run 0 Options --------- ASCII 0 Keyboard 0 Movement Numpad Keybinds 0 Fullscreen 1 Font 24/Terminus Map View 76x50 Tactical HUD 1 Map Filters NONE Filters NONE Steam 1 RUN: f0d3ff28-62c5-4209-b8fd-f8b3de6cd953